 Dungeon Crawl Stone Soup version 0.23.2-33-g5129a83184 (webtiles) character file.

Game seed: 7191801883880902239

47 NochnoyZador the Slasher (level 3, -1/27 HPs)
             Began as a Merfolk Gladiator on Aug 12, 2019.
             Slain by Robin
             ... wielding a +2 whip of electrocution
              (16 damage)
             ... on level 2 of the Dungeon.
             The game lasted 00:05:00 (1363 turns).

NochnoyZador the Slasher (Merfolk Gladiator)        Turns: 1363, Time: 00:05:00

Health: -1/27      AC:  4    Str: 14    XL:     3   Next: 70%
Magic:  0/3        EV: 14    Int:  7    God:
Gold:   61         SH:  0    Dex: 16    Spells: 2/2 levels left

rFire    . . .     SeeInvis .   a - +0 long sword
rCold    + . .     Gourm    .   (no shield)
rNeg     . . .     Faith    .   b - +0 leather armour
rPois    .         Spirit   +   c - +0 helmet
rElec    .         Reflect  .   (no cloak)
rCorr    .         Harm     .   (no gloves)
MR       .....                  (no boots)
Stlth    +.........             n - amulet of guardian spirit (curse)
HPRegen  0.09/turn              i - ring of protection from cold
MPRegen  0.08/turn              (no ring)

@: no status effects
A: change form in water, swift swim, stealthy swim
a: no special abilities


You were on level 2 of the Dungeon.
You were not hungry.

You visited 1 branch of the dungeon, and saw 2 of its levels.

You collected 61 gold pieces.

Inventory:

Hand Weapons
 a - a +0 long sword (weapon)
Missiles
 d - 3 throwing nets
 e - 75 stones (quivered)
Armour
 b - a +0 leather armour (worn)
 c - a +0 helmet (worn)
Jewellery
 i - a ring of protection from cold (left hand)
 n - a cursed amulet of guardian spirit (around neck)
Scrolls
 g - a scroll of amnesia {unknown}
 j - a scroll of teleportation {unknown}
 l - a scroll of fear {unknown}
 p - a scroll of identify {unknown}
 q - a scroll of remove curse {unknown}
Potions
 h - a potion of mutation {unknown}
 k - 2 potions of curing {unknown}
 m - a potion of lignification {unknown}
Comestibles
 f - 3 rations


   Skills:
 - Level 2.1 Fighting
 + Level 5.0 Long Blades
 - Level 2.0 Throwing
 - Level 4.0 Dodging


You had 2 spell levels left.
You didn't know any spells.
Your spell library was empty.

Dungeon Overview and Level Annotations

Branches:
Dungeon (2/15)

Altars:

Annotations:
D:2 Robin


Message History

Some of the chunks of flesh in your inventory have rotted away.
Eat a chunk of flesh? (ye/n/q)
You eat the chunk of flesh.
This raw flesh tastes terrible.
You hit the goblin.
You kill the goblin!
Robin roars a battlecry!
A goblin comes into view.
The goblin shouts!
Robin throws the goblin at you! The goblin closely misses you.
Things that are here:
a +0 dagger; a +0 club x2
The goblin hits you with a +0 club!
There is an escape hatch in the ceiling, spattered with blood here.
You closely miss the goblin. The goblin closely misses you.
You barely miss the goblin. Robin throws the goblin at you!
The goblin barely misses you.
Robin hits you with a +2 whip of electrocution.
You are electrocuted!
Ouch! That really hurt!
You die...

.# ##########.#
...).#.....#
.....#.##..##########
.....#.#..###..)....#
..........รทรท..##....#
....)###.#######....#
.....##..# #...g..#
.....##.######.g@...#
.............g......#
......[.######......#
.###...## #..<...#
.....#g.## #..######
.#####...# #g## .#
#.#...##. .#
###.###....# .###...#
#...)


You could see Robin and 3 goblins.

Vanquished Creatures
  An adder (D:2)
  A dart slug (D:1)
  2 ball pythons
  3 giant cockroaches
  9 goblins
  3 hobgoblins (D:1)
  3 kobolds
  A quokka (D:2)
  5 bats (D:1)
  3 frilled lizards (D:2)
  4 rats
35 creatures vanquished.

Notes
Turn   | Place    | Note
-------+----------+-------------------------------------------
     0 | D:1      | NochnoyZador the Merfolk Gladiator began the quest for the
                  | Orb.
     0 | D:1      | Reached XP level 1. HP: 16/16 MP: 1/1
   126 | D:1      | Reached XP level 2. HP: 22/22 MP: 2/2
   143 | D:1      | Reached skill level 4 in Long Blades
   616 | D:1      | Reached XP level 3. HP: 27/27 MP: 3/3
  1337 | D:2      | Noticed Robin
  1342 | D:2      | Reached skill level 5 in Long Blades
  1363 | D:2      | Slain by Robin

Skill      XL: |  1  2  3 |
---------------+----------+-----
Long Blades    | 4 5 |  5.0
Fighting       | |  2.1
Throwing       | |  2.0
Dodging        | |  4.0

Action                   || total
-------------------------++-------
Melee: Long sword        ||    77
Throw: Stone             ||    24
 Stab: Sleeping          ||     1
  Eat: Chunk             ||     2
Armor: Leather armour    ||    27
Dodge: Dodged            ||    89
       Rpst.: Long sword ||    24
